SAAA
PENNSAUKEN FLYERS @ ATHLETIC CLUB KC RESERVES
08/29/2033
 
TOP OF THE 1ST
Pennsauken Flyers batting - Pitching for Athletic Club KC Reserves : LHP Ash Ibarra
Pitching: LHP Ash Ibarra
Batting: RHB Bartolo Rosas 0-0: Ball
1-0: Ball
2-0: Swinging Strike
2-1: Ground out 5-3 (Groundball, 56S)
Batting: RHB Dave Ash 0-0: Called Strike
0-1: Ground out 3-1 (Groundball, 34S)
Batting: RHB Danilo Mosca 0-0: Ball
1-0: Foul Ball, location: 2F
1-1: Foul Ball, location: 2F
1-2: Foul Ball, location: 2F
1-2: TRIPLE (Flyball, 89XD)
Batting: RHB Chris Teague 0-0: Foul Ball, location: 2F
0-1: Ball
1-1: Foul Ball, location: 2F
1-2: Ball
2-2: Foul Ball, location: 2F
2-2: Foul Ball, location: 2F
2-2: Ball
3-2: Ground out 5-3 (Groundball, 56S)
Top of the 1st over - 0 runs, 1 hit, 0 errors, 1 left on base; Pennsauken 0 - Athletic Club KC 0
BOTTOM OF THE 1ST
Athletic Club KC Reserves batting - Pitching for Pennsauken Flyers : LHP Bernie Sanders
Pitching: LHP Bernie Sanders
Batting: RHB Arturo Annunziato 0-0: Ball
1-0: Ground out 1-3 (Groundball, P)
Batting: RHB Tasuku Goto 0-0: Called Strike
0-1: Called Strike
0-2: Foul Ball, location: 2F
0-2: Ball
1-2: Ground out 6-3 (Groundball, 6)
Batting: RHB Abeni Mbanefo 0-0: Called Strike
0-1: Called Strike
0-2: Foul Ball, location: 2F
0-2: Fly out, F6 (Line Drive, 6M)
Bottom of the 1st over - 0 runs, 0 hits, 0 errors, 0 left on base; Pennsauken 0 - Athletic Club KC 0
TOP OF THE 2ND
Pennsauken Flyers batting - Pitching for Athletic Club KC Reserves : LHP Ash Ibarra
Batting: RHB Raúl Moreno 0-0: Reached on error, E5 (Popup, 56)
Batting: SHB Paul Wite 0-0: Foul Ball, location: 2F
0-1: Ball
1-1: SINGLE (Line Drive, 4MD)
Raúl Moreno to second
Batting: LHB José Marín 0-0: Called Strike
0-1: Swinging Strike
0-2: Ball
1-2: 3-RUN HOME RUN (Flyball, 8LD), Distance : 430 ft
Batting: RHB Raúl Javier Jr. 0-0: Ball
1-0: Called Strike
1-1: Ball
2-1: Ball
3-1: Base on Balls
Batting: RHB Clarence Therrien 0-0: Ball
1-0: Called Strike
1-1: Swinging Strike
1-2: Fielders Choice at 2nd, 3-6 (Groundball, 34)
Batting: RHB Bartolo Rosas 0-0: Ball
1-0: Foul Ball, location: 2F
1-1: Swinging Strike
1-2: Foul Ball, location: 2F
1-2: Foul Ball, location: 2F
1-2: Foul Ball, location: 2F
1-2: Ball
2-2: Ball
3-2: TRIPLE (Line Drive, 9LD)
Clarence Therrien scores
Batting: RHB Dave Ash 0-0: Ball
1-0: Foul Ball, location: 2F
1-1: Fly out, F9 (Flyball, 9)
Runner from 3rd tags up, SCORES, no throw
Batting: RHB Danilo Mosca 0-0: Swinging Strike
0-1: SINGLE (Flyball, 78M)
Batting: RHB Chris Teague 0-0: Hit by Pitch
Danilo Mosca to second
Batting: RHB Raúl Moreno 0-0: Called Strike
0-1: Fly out, F8 (Line Drive, 8LM)
Top of the 2nd over - 5 runs, 4 hits, 1 error, 2 left on base; Pennsauken 5 - Athletic Club KC 0
BOTTOM OF THE 2ND
Athletic Club KC Reserves batting - Pitching for Pennsauken Flyers : LHP Bernie Sanders
Batting: LHB Onye Mahusay 0-0: Called Strike
0-1: Ball
1-1: Foul Ball, location: 2F
1-2: Ball
2-2: Strikes out swinging
Batting: LHB Tony García 0-0: Called Strike
0-1: Foul Ball, location: 2F
0-2: SINGLE (Line Drive, 34)
Batting: LHB Kwang-chih Feng 0-0: Hit by Pitch
Tony García to second
Batting: LHB Matt Herman 0-0: Ball
1-0: Swinging Strike
1-1: Ball
2-1: Called Strike
2-2: Grounds into double play, 6-4-3 (Groundball, 6)
Bottom of the 2nd over - 0 runs, 1 hit, 0 errors, 1 left on base; Pennsauken 5 - Athletic Club KC 0
TOP OF THE 3RD
Pennsauken Flyers batting - Pitching for Athletic Club KC Reserves : LHP Ash Ibarra
Batting: SHB Paul Wite 0-0: Called Strike
0-1: Fly out, F4 (Popup, 3D)
Batting: LHB José Marín 0-0: Ball
1-0: Foul Ball, location: 2F
1-1: Swinging Strike
1-2: Fly out, F8 (Flyball, 8RD)
Batting: RHB Raúl Javier Jr. 0-0: Ground out U3 (Groundball, 34)
Top of the 3rd over - 0 runs, 0 hits, 0 errors, 0 left on base; Pennsauken 5 - Athletic Club KC 0
BOTTOM OF THE 3RD
Athletic Club KC Reserves batting - Pitching for Pennsauken Flyers : LHP Bernie Sanders
Batting: RHB Cristóbal Covarrubiois 0-0: Called Strike
0-1: Ball
1-1: Called Strike
1-2: Ball
2-2: Ball
3-2: Base on Balls
Batting: SHB Sul-shik Yu 0-0: Foul Ball, location: 2F
0-1: Ball
1-1: Fielders Choice at 2nd, 1-4 (Groundball, 15S)
Batting: RHB Arturo Annunziato 0-0: Ball
1-0: Called Strike
1-1: Foul Ball, location: 2F
1-2: Foul Ball, location: 2F
1-2: SINGLE (Line Drive, 7S)
Sul-shik Yu to second
Batting: RHB Tasuku Goto 0-0: Ball
1-0: SINGLE (Groundball, 6S) (infield hit)
Sul-shik Yu to third
Arturo Annunziato to second
Batting: RHB Abeni Mbanefo 0-0: Ball
1-0: Ball
2-0: Foul Ball, location: 2F
2-1: Foul Ball, location: 2F
2-2: Foul Ball, location: 2F
2-2: Ball
3-2: Strikes out swinging
Batting: LHB Onye Mahusay 0-0: Ball
1-0: Foul Ball, location: 2F
1-1: Foul Ball, location: 2F
1-2: SINGLE (Groundball, 6MS) (infield hit)
Sul-shik Yu scores
Arturo Annunziato to third
Tasuku Goto to second
Batting: LHB Tony García 0-0: Called Strike
0-1: Ball
1-1: Swinging Strike
1-2: SINGLE (Line Drive, 8RS)
Arturo Annunziato scores
Tasuku Goto to third
Onye Mahusay to second
Runner from 3rd tries for Home, SAFE, no throw
Batting: LHB Kwang-chih Feng 0-0: Foul Ball, location: 2F
0-1: Ball
1-1: Ball
2-1: Foul Ball, location: 2F
2-2: Ball
3-2: Fly out, F8 (Flyball, 8LD)
Bottom of the 3rd over - 3 runs, 4 hits, 0 errors, 2 left on base; Pennsauken 5 - Athletic Club KC 3
TOP OF THE 4TH
Pennsauken Flyers batting - Pitching for Athletic Club KC Reserves : LHP Ash Ibarra
Batting: RHB Clarence Therrien 0-0: Ball
1-0: Ball
2-0: Foul Ball, location: 2F
2-1: Foul Ball, location: 2F
2-2: Fly out, F8 (Flyball, 89D)
Batting: RHB Bartolo Rosas 0-0: Ball
1-0: Called Strike
1-1: Ball
2-1: Ball
3-1: Base on Balls
Batting: RHB Dave Ash 0-0: Ball
1-0: SINGLE (Line Drive, 89S)
Bartolo Rosas to second
Batting: RHB Danilo Mosca 0-0: Ball
Bartolo Rosas steals 3rd base
Dave Ash to second
1-0: Fly out, F8 (Flyball, 8RXD)
Runner from 3rd tags up, SCORES, no throw
Batting: RHB Chris Teague 0-0: Fly out, F9 (Flyball, 9LS)
Top of the 4th over - 1 run, 1 hit, 0 errors, 1 left on base; Pennsauken 6 - Athletic Club KC 3
BOTTOM OF THE 4TH
Athletic Club KC Reserves batting - Pitching for Pennsauken Flyers : LHP Bernie Sanders
Batting: LHB Matt Herman 0-0: Ball
1-0: Ball
2-0: Called Strike
2-1: Ball
3-1: Foul Ball, location: 2F
3-2: Strikes out swinging
Batting: RHB Cristóbal Covarrubiois 0-0: Swinging Strike
0-1: Ball
1-1: Foul Ball, location: 2F
1-2: Ground out 5-3 (Groundball, 56)
Batting: LHB Chi-hun Chong 0-0: Ball
1-0: Fly out, F6 (Popup, 6)
Bottom of the 4th over - 0 runs, 0 hits, 0 errors, 0 left on base; Pennsauken 6 - Athletic Club KC 3
TOP OF THE 5TH
Pennsauken Flyers batting - Pitching for Athletic Club KC Reserves : LHP Ash Ibarra
Now in RF: Chi-hun Chong
Batting: RHB Raúl Moreno 0-0: Foul Ball, location: 2F
0-1: Called Strike
0-2: Ball
1-2: Ground out 1-3 (Groundball, 13S)
Batting: SHB Paul Wite 0-0: Foul Ball, location: 2F
0-1: Ball
1-1: Ball
2-1: Ball
3-1: Fly out, F9 (Line Drive, 9)
Batting: LHB José Marín 0-0: Ball
1-0: Called Strike
1-1: Ground out U3 (Groundball, 23)
Top of the 5th over - 0 runs, 0 hits, 0 errors, 0 left on base; Pennsauken 6 - Athletic Club KC 3
BOTTOM OF THE 5TH
Athletic Club KC Reserves batting - Pitching for Pennsauken Flyers : LHP Bernie Sanders
Batting: RHB Arturo Annunziato 0-0: Called Strike
0-1: Ball
1-1: Ball
2-1: SINGLE (Groundball, 6MD)
Batting: RHB Tasuku Goto 0-0: Called Strike
0-1: Ball
1-1: Fly out, F7 (Flyball, 7S)
Batting: RHB Abeni Mbanefo 0-0: 2-RUN HOME RUN (Line Drive, 7D), Distance : 365 ft
Batting: LHB Onye Mahusay 0-0: Ball
1-0: Ball
2-0: Foul Ball, location: 2F
2-1: Ball
3-1: Foul Ball, location: 2F
3-2: Ground out 6-3 (Groundball, 6)
Batting: LHB Tony García 0-0: Called Strike
0-1: Called Strike
0-2: Ball
1-2: Foul Ball, location: 2F
1-2: Ball
2-2: Ball
3-2: Base on Balls
Batting: LHB Kwang-chih Feng 0-0: Fly out, F8 (Flyball, 8LS)
Bottom of the 5th over - 2 runs, 2 hits, 0 errors, 1 left on base; Pennsauken 6 - Athletic Club KC 5
TOP OF THE 6TH
Pennsauken Flyers batting - Pitching for Athletic Club KC Reserves : LHP Ash Ibarra
Batting: RHB Raúl Javier Jr. 0-0: Called Strike
0-1: Foul Ball, location: 2F
0-2: Ball
1-2: Foul Ball, location: 2F
1-2: Ball
2-2: Foul Ball, location: 2F
2-2: Foul Ball, location: 2F
2-2: Ball
3-2: Strikes out swinging
Pitching: RHP Rafael Valadez
Batting: RHB Clarence Therrien 0-0: Foul Ball, location: 2F
0-1: Ball
1-1: Foul Ball, location: 2F
1-2: Ball
2-2: SINGLE (Flyball, 9LS)
Batting: RHB Bartolo Rosas 0-0: Ball
1-0: Grounds into double play, 6-4-3 (Groundball, 6)
Top of the 6th over - 0 runs, 1 hit, 0 errors, 0 left on base; Pennsauken 6 - Athletic Club KC 5
BOTTOM OF THE 6TH
Athletic Club KC Reserves batting - Pitching for Pennsauken Flyers : LHP Bernie Sanders
Batting: LHB Matt Herman 0-0: Ball
1-0: Fly out, F7 (Flyball, 78S)
Batting: RHB Cristóbal Covarrubiois 0-0: SINGLE (Flyball, 9LS)
Batting: LHB Chi-hun Chong 0-0: Ball
1-0: Ball
2-0: Ball
3-0: Called Strike
3-1: Foul Ball, location: 2F
3-2: Foul Ball, location: 2F
3-2: Ground out U3 (Groundball, 3D)
Cristóbal Covarrubiois to second
Pitching: RHP Manny Hernández
Batting: RHB Arturo Annunziato 0-0: Ground out 6-3 (Groundball, 6)
Bottom of the 6th over - 0 runs, 1 hit, 0 errors, 1 left on base; Pennsauken 6 - Athletic Club KC 5
TOP OF THE 7TH
Pennsauken Flyers batting - Pitching for Athletic Club KC Reserves : RHP Rafael Valadez
Batting: RHB Dave Ash 0-0: Ball
1-0: Ground out 6-3 (Groundball, 6S)
Batting: RHB Danilo Mosca 0-0: Ball
1-0: Ball
2-0: Called Strike
2-1: Swinging Strike
2-2: Foul Ball, location: 2F
2-2: Strikes out swinging
Batting: RHB Chris Teague 0-0: Ball
1-0: SINGLE (Groundball, 6MD)
Pinch Runner at 1st Marc Beck:
Batting: RHB Raúl Moreno 0-0: Ball
1-0: Ball
2-0: Ball
3-0: Base on Balls
Marc Beck to second
Batting: SHB Paul Wite 0-0: Called Strike
0-1: Ball
1-1: Ball
2-1: Called Strike
2-2: Ground out 1-3 (Groundball, 13)
Top of the 7th over - 0 runs, 1 hit, 0 errors, 2 left on base; Pennsauken 6 - Athletic Club KC 5
BOTTOM OF THE 7TH
Athletic Club KC Reserves batting - Pitching for Pennsauken Flyers : RHP Manny Hernández
Batting: RHB Tasuku Goto 0-0: Foul Ball, location: 2F
0-1: Ball
1-1: Ball
2-1: Ball
3-1: Ground out 6-3 (Groundball, 6)
Batting: RHB Abeni Mbanefo 0-0: Fly out, F8 (Flyball, 8LXD)
Batting: LHB Onye Mahusay 0-0: Foul Ball, location: 2F
0-1: Called Strike
0-2: Ball
1-2: Foul Ball, location: 2F
1-2: Foul Ball, location: 2F
1-2: Strikes out swinging
Bottom of the 7th over - 0 runs, 0 hits, 0 errors, 0 left on base; Pennsauken 6 - Athletic Club KC 5
TOP OF THE 8TH
Pennsauken Flyers batting - Pitching for Athletic Club KC Reserves : RHP Rafael Valadez
Batting: LHB José Marín 0-0: Foul Ball, location: 2F
0-1: Ball
1-1: Ball
2-1: Ball
3-1: Called Strike
3-2: Strikes out swinging
Batting: RHB Raúl Javier Jr. 0-0: Ball
1-0: Ground out 4-3 (Groundball, 4)
Batting: RHB Clarence Therrien 0-0: Called Strike
0-1: Swinging Strike
0-2: Ball
1-2: Ball
2-2: Foul Ball, location: 2F
2-2: Fly out, F8 (Flyball, 8LS)
Top of the 8th over - 0 runs, 0 hits, 0 errors, 0 left on base; Pennsauken 6 - Athletic Club KC 5
BOTTOM OF THE 8TH
Athletic Club KC Reserves batting - Pitching for Pennsauken Flyers : RHP Manny Hernández
Now at 1B: Raúl Guerrero
Batting: LHB Tony García 0-0: Ball
1-0: Ball
2-0: Called Strike
2-1: Ground out 4-3 (Groundball, 4)
Batting: LHB Kwang-chih Feng 0-0: Called Strike
0-1: Ball
1-1: Called Strike
1-2: Ball
2-2: Ball
3-2: Ground out 1-3 (Groundball, 13S)
Batting: LHB Matt Herman 0-0: Ball
1-0: SINGLE (Flyball, 8RM) - OUT at second base trying to stretch hit.
Bottom of the 8th over - 0 runs, 1 hit, 0 errors, 0 left on base; Pennsauken 6 - Athletic Club KC 5
TOP OF THE 9TH
Pennsauken Flyers batting - Pitching for Athletic Club KC Reserves : RHP Rafael Valadez
Pitching: RHP Taalay Ibragimov
Batting: RHB Bartolo Rosas 0-0: Called Strike
0-1: Ball
1-1: Called Strike
1-2: Foul Ball, location: 2F
1-2: Strikes out swinging
Batting: RHB Dave Ash 0-0: Swinging Strike
0-1: Ball
1-1: Foul Ball, location: 2F
1-2: Strikes out looking
Batting: RHB Danilo Mosca 0-0: Ground out 4-3 (Groundball, 4S)
Top of the 9th over - 0 runs, 0 hits, 0 errors, 0 left on base; Pennsauken 6 - Athletic Club KC 5
BOTTOM OF THE 9TH
Athletic Club KC Reserves batting - Pitching for Pennsauken Flyers : RHP Manny Hernández
Pitching: RHP John Woods
Batting: RHB Cristóbal Covarrubiois 0-0: Ball
1-0: Ball
2-0: Foul Ball, location: 2F
2-1: Foul Ball, location: 2F
2-2: Strikes out looking
Batting: LHB Chi-hun Chong 0-0: Called Strike
0-1: Ball
1-1: Ball
2-1: Ball
3-1: Swinging Strike
3-2: Strikes out swinging
Batting: RHB Arturo Annunziato 0-0: Called Strike
0-1: SINGLE (Line Drive, 7S)
Pinch Hitting: LHB Michael Woodard 0-0: Ball
1-0: Called Strike
1-1: SINGLE (Groundball, 56S) (infield hit)
Arturo Annunziato to second
Batting: RHB Abeni Mbanefo 0-0: Ball
1-0: Fly out, F5 (Popup, 5F)
Bottom of the 9th over - 0 runs, 2 hits, 0 errors, 2 left on base; Pennsauken 6 - Athletic Club KC 5
Saturday, December 22nd, 2018 - OOTP Baseball 18.8 Build 76